 Dungeon Crawl Stone Soup version 0.23.2-1-ga50397a6bc (webtiles) character file.

Game seed: 15162446165597096674

1307 Jabberih the Basher (level 8, -3/56 HPs)
             Began as a Demonspawn Gladiator on Apr 18, 2019.
             Was a Follower of Nemelex Xobeh.
             Slain by a large abomination (8 damage)
             ... on level 1 of the Abyss.
             The game lasted 00:24:07 (7907 turns).

Jabberih the Basher (Demonspawn Gladiator)          Turns: 7907, Time: 00:24:07

Health: -3/56      AC: 13    Str: 16    XL:     8   Next: 32%
Magic:  0/10       EV: 12    Int: 10    God:    Nemelex Xobeh [*.....]
Gold:   384        SH:  0    Dex: 20    Spells: 7/7 levels left

rFire    + . .     SeeInvis .   m - +2 mace (crush)
rCold    + + .     Gourm    .   (no shield)
rNeg     . . .     Faith    .   h - +0 ring mail
rPois    +         Spirit   +   o - +0 helmet
rElec    +         Reflect  .   (no cloak)
rCorr    +         Harm     .   t - +0 pair of gloves
MR       .....                  (no boots)
Stlth    +.........             l - amulet of guardian spirit
HPRegen  0.18/turn              k - +5 ring of dexterity
MPRegen  0.12/turn              z - ring of flight

@: resistant, sanguine armour
A: claws 2, cold resistance 1, sanguine armour 1
a: Draw Escape, Draw Destruction, Draw Summoning, Renounce Religion, Evoke
Flight


You were on level 1 of the Abyss.
You worshipped Nemelex Xobeh.
Nemelex Xobeh was aware of your devotion.
You were not hungry.

You visited 2 branches of the dungeon, and saw 8 of its levels.
You visited the Abyss 1 time.

You collected 384 gold pieces.

Inventory:

Hand Weapons
 m - a +2 mace of crushing (weapon)
Missiles
 d - 4 throwing nets (quivered)
 s - 115 stones
Armour
 h - a +0 ring mail (worn)
 o - a +0 helmet (worn)
 t - a +0 pair of gloves (worn)
Jewellery
 b - an uncursed ring of wizardry
 k - a +5 ring of dexterity (left hand)
 l - an amulet of guardian spirit (around neck)
 z - a ring of flight (right hand)
 C - an uncursed ring of protection from cold {unknown}
Wands
 A - a wand of flame (15)
Scrolls
 i - 2 scrolls of random uselessness
 q - 3 scrolls of amnesia
 w - 8 scrolls of identify
 B - a scroll of remove curse
Potions
 c - a potion of mutation {unknown}
 g - a potion of resistance
 n - a potion of heal wounds {unknown}
 p - a potion of haste {unknown}
 u - 2 potions of lignification {unknown}
 v - a potion of flight {unknown}
 D - a potion of agility {unknown}
Comestibles
 a - 3 chunks of flesh
 f - 7 rations


   Skills:
 - Level 2.0 Fighting
 * Level 9.4 Maces & Flails
 - Level 1.7 Throwing
 - Level 2.6 Dodging
 + Level 3.0 Invocations


You had 7 spell levels left.
You didn't know any spells.
Your spell library was empty.

Dungeon Overview and Level Annotations

Branches:
Dungeon (7/15)             Temple (1/1) D:4

Altars:
Ashenzari
Cheibriados
Dithmenos
Elyvilon
Fedhas
Gozag
Hepliaklqana
Kikubaaqudgha
Makhleb
Nemelex Xobeh
Okawaru
Qazlal
Ru
Sif Muna
Trog
Uskayaw
Vehumet
Wu Jian
Yredelemnul
Zin
The Shining One

Annotations:
D:5 2 runed translucent doors, luab's ghost, novice GnEE
D:7 Eustachio


Innate Abilities, Weirdness & Mutations

You have very sharp fingernails.
Your flesh is cold resistant. (rC+)
When seriously injured, your bleeding wounds create armour. (AC +6)


Message History

To return, you must find a gate leading back.
Killing monsters will force the Abyss to allow you passage.
This branch contains the abyssal rune of Zot.
Okay, then.
You feel protected.
Found 55 gold pieces.
Found a ration.
Found a corrupted altar of Lugonu.
There is a corrupted altar of Lugonu here.
A large abomination comes into view.
The large abomination hits you!!
Your blood congeals into armour.
You hit the large abomination.
The large abomination is lightly damaged.
The large abomination hits you but does no damage.
You hit the large abomination but do no damage.
The large abomination is lightly damaged.
The large abomination hits you!!
* * * LOW HITPOINT WARNING * * *
The large abomination hits you!
You die...
Your body glows slightly and disappears.

.......
...........######
................ # .#
...........#####.#.#...
....#........._....#
#.#..#................
#..#...∩∩.###.# .## ..
#..........#..#..... .
##.@X..##.#....#..#
#...###.........$.#
###. #..%#......#. ##
....#.....#.
..##.....## #.# .....#
.#.. ... #.#.. ###


You could see a large abomination.

Vanquished Creatures
  A hippogriff (D:7)
  Sigmund (D:4)
  Menkaure (D:4)
  2 centaurs
  Blork the orc (D:4)
  2 scorpions
  A howler monkey (D:6)
  2 crimson imps
  A bullfrog zombie (D:5)
  A hound (D:3)
  2 orc priests
  A jelly (D:5)
  2 iguanas
  Ijyb (D:4)
  A worker ant zombie (D:5)
  A gnoll (D:1)
  4 adders
  2 shadow imps (D:5)
  An adder zombie (D:5)
  An adder skeleton (D:5)
  A worm (D:3)
  2 dart slugs (D:1)
  3 leopard geckos
  12 orcs
  2 ball pythons
  4 giant cockroaches
  3 goblins
  3 hobgoblins
  7 jackals
  9 kobolds
  2 quokkas
  A ball python skeleton (D:5)
  10 bats
  4 frilled lizards
  A leopard gecko skeleton (D:5)
  10 rats
103 creatures vanquished.

Vanquished Creatures (collateral kills)
  An adder (D:6)
1 creature vanquished.

Vanquished Creatures (others)
  A jelly (D:5)
  5 toadstools (D:1)
6 creatures vanquished.

Grand Total: 110 creatures vanquished

Notes
Turn   | Place    | Note
-------+----------+-------------------------------------------
     0 | D:1      | Jabberih the Demonspawn Gladiator began the quest for the
                  | Orb.
     0 | D:1      | Reached XP level 1. HP: 16/16 MP: 1/1
   127 | D:1      | Reached skill level 3 in Maces & Flails
   328 | D:1      | Gained mutation: You have sharp fingernails. [demonic
                  | ancestry]
   328 | D:1      | Reached XP level 2. HP: 10/22 MP: 2/2
   598 | D:1      | Reached XP level 3. HP: 27/27 MP: 3/3
   756 | D:1      | Reached skill level 4 in Maces & Flails
  1285 | D:2      | Found an iron altar of Okawaru.
  1338 | D:2      | Found a burning altar of Makhleb.
  1338 | D:2      | Noticed a blizzard demon
  1668 | D:2      | Gained mutation: Your flesh is cold resistant. (rC+)
                  | [demonic ancestry]
  1668 | D:2      | Reached XP level 4. HP: 19/33 MP: 4/4
  2010 | D:2      | Found a sparkling altar of Nemelex Xobeh.
  2510 | D:3      | Reached skill level 5 in Maces & Flails
  3255 | D:4      | Gained mutation: You have very sharp fingernails. [demonic
                  | ancestry]
  3255 | D:4      | Reached XP level 5. HP: 27/38 MP: 2/5
  3486 | D:4      | Found a staircase to the Ecumenical Temple.
  3547 | D:4      | Found a stormy altar of Qazlal.
  3551 | D:4      | Noticed a water elemental
  3551 | D:4      | Noticed a fire elemental
  3551 | D:4      | Noticed an air elemental
  3592 | D:4      | Found a white marble altar of Elyvilon.
  3592 | D:4      | Found a shadowy altar of Dithmenos.
  3714 | D:4      | Noticed Blork the orc
  3725 | D:4      | Killed Blork the orc
  3725 | D:4      | Reached skill level 6 in Maces & Flails
  3794 | D:4      | Noticed Menkaure
  3813 | D:4      | Killed Menkaure
  3813 | D:4      | Gained mutation: When seriously injured, your bleeding
                  | wounds create armour. (AC +6) [demonic ancestry]
  3813 | D:4      | Reached XP level 6. HP: 6/44 MP: 1/6
  4093 | Temple   | Entered the Ecumenical Temple
  4546 | D:2      | Became a worshipper of Nemelex Xobeh the Trickster
  4621 | D:4      | Received a gift from Nemelex Xobeh
  4659 | D:4      | Noticed Sigmund
  4689 | D:4      | Killed Sigmund
  4689 | D:4      | Reached skill level 7 in Maces & Flails
  4689 | D:4      | Reached XP level 7. HP: 30/50 MP: 3/7
  5200 | D:4      | Noticed Ijyb
  5219 | D:4      | Killed Ijyb
  5914 | D:5      | Entered Level 5 of the Dungeon
  6764 | D:4      | Reached skill level 8 in Maces & Flails
  6904 | D:5      | Reached * piety under Nemelex Xobeh
  7103 | D:5      | Found a runed translucent door.
  7182 | D:5      | Found a runed translucent door.
  7357 | D:5      | Noticed luab's ghost (novice GnEE)
  7656 | D:6      | Reached skill level 9 in Maces & Flails
  7656 | D:6      | Reached skill level 1 in Invocations
  7656 | D:6      | Reached XP level 8. HP: 45/56 MP: 6/9
  7740 | D:6      | Noticed Eustachio
  7763 | D:7      | Noticed a hippogriff
  7774 | D:7      | Killed a hippogriff
  7892 | D:7      | Cast into level 1 of the Abyss (Eustachio)
  7895 | Abyss:1  | Found a corrupted altar of Lugonu.
  7902 | Abyss:1  | Noticed a large abomination
  7907 | Abyss:1  | Slain by a large abomination

Skill      XL: |  1  2  3  4  5  6  7  8 |
---------------+-------------------------+-----
Maces & Flails | 3 4 5 6 7 9 |  9.4
Invocations    | 1 3 |  3.0
Fighting       | |  2.0
Throwing       | |  1.7
Dodging        | |  2.6

Action                   |  1- 3 |  4- 6 |  7- 9 || total
-------------------------+-------+-------+-------++-------
Melee: Flail             |    67 |    77 |     3 ||   147
       Halberd           |    78 |    25 |       ||   103
       Mace              |       |       |   144 ||   144
 Abil: Draw Destruction  |       |       |    12 ||    12
       Draw Escape       |       |       |     1 ||     1
Evoke: Wand              |       |     4 |     8 ||    12
  Use: Potion            |     1 |       |     2 ||     3
       Scroll            |     3 |     6 |     3 ||    12
  Eat: Chunk             |     2 |     8 |     5 ||    15
       Ration            |       |       |     2 ||     2
Armor: Leather armour    |    43 |       |       ||    43
       Ring mail         |    11 |    25 |    55 ||    91
Dodge: Dodged            |   138 |    50 |   102 ||   290
